cohdb
Replays
Latest Replays
All Replays
Popular Replays
Top Player Replays
Match Explorer
How It Works
Community
CoH3 Stats
Reddit
Sign in to upload your games and track your stats! →
Sign in with Steam
Match 42085961
Unlisted
Match 42085961
Overview
Messages
Build Orders
End
Construct Infanterie Kompanie
Kettenkrad Recon Vehicle
MG 42 Machine Gun Team
GrW 34 Mortar Team
Selects Terror Battlegroup
Selects Machine Gun Camouflage
MG 42 Machine Gun Team
Construct Panzergrenadier Kompanie
Panzergrenadier Squad
251 Medium Carrier
Selects Contempt for the Weak
Pak 40 Anti-tank Gun Team
GrW 34 Mortar Team
Support Elements
StuG III G Assault Gun
Kettenkrad Recon Vehicle
Selects Jericho Trumpet
MG 42 Bunker
Construct Luftwaffe Kompanie
Repair Bunker
Wirbelwind Flakpanzer
Infanterie Officer Quarters
BÖRK
cpt. jack
MMMerVVV
SuurSaadik
STALKER4732
SoyaLors
ezh
kit.ohume
0
0
Comments
sign in to comment!
No comments posted yet!